AoeStats
← kolemy

Arena

505813124Analyzed
3v3 RM · 21d ago on Sep 11, 2026· 64m 23s· 6 players
Game mode
Random Map
Map size
Normal (6 player)
Population
200
Speed
Normal
Resources
Standard
Victory
Conquest
Starting age
Dark Age
Ending age
Imperial Age
RankedLock teamsTeams togetherTeam positionsShared explorationLock speedFull tech treeHidden civsTurbo modeCheats
Victory
Defeat
🇦🇺 Goths · Australia
734
+14
🇲🇾 Malay · Malaysia
694
+16
🇬🇹 Vietnamese · Guatemala
564
+22
🇨🇳 Teutons · China
701
-18
🇺🇸 Britons · United States
699
-18
🇫🇷 Khmer · France
665
-16
AUFSTAND
10:31 Feudal Age
16:19 Castle Age
14:20 Double-Bit Axe
14:18 Horse Collar
17:13 Heavy Plow
18:52 Bow Saw
26:17 Wheelbarrow
29:00 Imperial Age
26:29 Loom
26:38 Town Watch
27:17 Hand Cart
27:04 Stone Mining
27:08 Gold Mining
27:39 Fortified Wall
27:41 Masonry
28:48 Stone Shaft Mining
30:00 Scale Mail Armor
30:11 Forging
30:06 Padded Archer Armor
31:44 Two-Man Saw
31:17 Crop Rotation
32:32 Chemistry
31:21 Arrowslits
32:38 Fletching
33:07 Chain Mail Armor
33:17 Conscription
33:30 Ballistics
33:35 Bombard Tower
35:04 Crenellations
35:09 Ironclad
35:36 Town Patrol
35:34 Elite Teutonic Knight
37:35 Siege Engineers
38:13 Plate Mail Armor
38:29 Iron Casting
39:08 Squires
41:04 Blast Furnace
45:59 Hoardings
47:02 Bodkin Arrow
47:23 Arson
50:24 Elite Skirmisher
53:03 Leather Archer Armor
57:17 Caravan
_Ainrad75
11:19 Feudal Age
12:47 Wheelbarrow
20:06 Castle Age
18:15 Gold Mining
18:16 Stone Mining
18:14 Double-Bit Axe
18:12 Horse Collar
20:23 Forging
20:19 Padded Archer Armor
20:10 Fletching
20:34 Forging
21:04 Hand Cart
20:33 Crossbowman
21:26 Heavy Plow
21:41 Bow Saw
chris.r.springer
11:57 Feudal Age
12:24 Double-Bit Axe
12:20 Horse Collar
13:05 Town Watch
18:26 Wheelbarrow
18:31 Stone Mining
18:34 Gold Mining
19:28 Town Watch
22:07 Castle Age
20:14 Fletching
20:26 Padded Archer Armor
20:36 Forging
20:27 Scale Mail Armor
22:14 Pikeman
22:54 Squires
22:40 Arson
23:35 Bow Saw
24:49 Hand Cart
25:56 Heavy Plow
28:14 Bodkin Arrow
28:39 Leather Archer Armor
30:32 Fortified Wall
30:44 Ballistics
32:39 Murder Holes
35:39 Imperial Age
33:02 Treadmill Crane
33:33 Masonry
32:58 Elite Skirmisher
35:26 Iron Casting
35:06 Chain Mail Armor
35:24 Yeomen
38:50 Loom
40:11 Conscription
39:59 Bracer
ijn_king
9:45 Feudal Age
9:22 Double-Bit Axe
9:19 Horse Collar
11:10 Wheelbarrow
17:28 Castle Age
17:21 Bow Saw
17:13 Heavy Plow
20:01 Hand Cart
20:01 Stone Mining
20:57 Gold Mining
28:19 Gold Shaft Mining
31:38 Forging
31:19 Fletching
31:29 Padded Archer Armor
35:20 Imperial Age
34:26 Iron Casting
33:46 Bodkin Arrow
34:06 Leather Archer Armor
34:00 Scale Barding Armor
36:24 Crop Rotation
35:43 Elite Karambit Warrior
39:30 Bracer
40:00 Ring Archer Armor
40:31 Blast Furnace
41:52 Elite Battle Elephant
44:01 Pikeman
44:42 Squires
44:22 Elite Skirmisher
44:27 Cavalier
45:08 Husbandry
45:43 Heavy Scorpion
47:41 Imperial Skirmisher
49:30 Ballistics
50:11 Chemistry
55:07 Light Cavalry
kolemy
1:36 Loom
10:27 Feudal Age
10:52 Horse Collar
11:02 Double-Bit Axe
24:01 Gold Mining
24:04 Stone Mining
26:42 Wheelbarrow
25:53 Town Watch
29:15 Castle Age
27:59 Fletching
30:13 Bow Saw
30:33 Heavy Plow
31:05 Crossbowman
32:46 Treadmill Crane
33:02 Murder Holes
33:18 Fortified Wall
35:35 Hand Cart
35:21 Town Patrol
36:59 Ballistics
36:40 Bodkin Arrow
36:48 Caravan
40:35 Imperial Age
38:15 Elite Skirmisher
39:47 Padded Archer Armor
43:17 Paper Money
42:58 Chatras
44:29 Chemistry
45:43 Arbalester
46:06 Light Cavalry
46:56 Bloodlines
46:47 Husbandry
46:08 Elite Battle Elephant
49:58 Bracer
63:12 Guard Tower
63:09 Arrowslits
63:44 Bombard Tower
63:15 Heated Shot
63:31 Siege Engineers
63:43 Forging
63:33 Scale Mail Armor
63:40 Scale Barding Armor
63:52 Leather Archer Armor
64:11 Coinage
63:51 Guilds
63:04 Imperial Skirmisher
63:04 Heavy Cavalry Archer
63:52 Thumb Ring
64:54 Two-Man Saw
64:29 Crop Rotation
63:23 Cavalier
63:26 Pikeman
63:26 Man-at-Arms
63:55 Arson
64:12 Squires
63:34 Elite Fire Lancer
63:40 Onager
63:43 Capped Ram
rich_jess
0:39 Loom
15:01 Feudal Age
17:43 Horse Collar
17:51 Double-Bit Axe
20:51 Gold Mining
23:49 Castle Age
21:37 Man-at-Arms
22:33 Forging
26:08 Scale Mail Armor
29:16 Bow Saw
29:00 Long Swordsman
29:52 Pikeman
30:33 Squires
33:18 Heavy Plow
33:59 Wheelbarrow
34:06 Town Watch
36:07 Stone Mining
37:17 Murder Holes
38:27 Hand Cart
38:14 Town Patrol
39:30 Iron Casting
39:12 Chain Mail Armor
39:03 Scale Barding Armor
39:20 Fletching
39:32 Padded Archer Armor
40:05 Ballistics
39:58 Masonry
41:16 Stone Shaft Mining
44:51 Imperial Age
44:09 Anarchy
45:55 Conscription
45:11 Two-Handed Swordsman
47:14 Blast Furnace
46:11 Bodkin Arrow
48:34 Two-Man Saw
48:59 Chemistry
48:31 Architecture
48:23 Leather Archer Armor
48:28 Perfusion
47:50 Elite Huskarl
48:24 Heavy Cavalry Archer
50:21 Bracer
51:57 Ring Archer Armor
52:08 Chain Barding Armor
52:42 Champion
54:56 Halberdier
Connection lost

Rejoining the realm…

Still unreachable

The connection could not be restored.

Session expired

The server has moved on; the page needs a fresh start.